 Dungeon Crawl Stone Soup version 0.29-a0-973-gac7da5f7f0 (webtiles) character file.

Game seed: 7919964449847310733

537 frimble the Grave Robber (level 7, -2/52 HPs)
             Began as a Demonspawn Necromancer on July 31, 2022.
             Slain by an unseen horror (6 damage)
             ... on level 5 of the Dungeon on Aug 1, 2022.
             The game lasted 00:05:52 (5834 turns).

frimble the Grave Robber (Demonspawn Necromancer)   Turns: 5834, Time: 00:05:53

Health: -2/52      AC:  8    Str:  8    XL:     7   Next: 5%
Magic:  10/10      EV: 12    Int: 22    God:
Gold:   318        SH:  5    Dex: 18    Spells: 9/10 levels left

rFire   . . .      SeeInvis .   c - +0 short sword (venom)
rCold   . . .      Faith    .   r - +0 buckler
rNeg    . . .      Spirit   .   k - +2 robe of Impressiveness {rPois Will+ Dex+2}
rPois   +          Reflect  .   u - +0 helmet
rElec   .          Harm     .   q - +0 cloak
rCorr   .          Rampage  .   (no gloves)
Will    +....                   (no boots)
Stlth   ++........              (no amulet)
HPRegen 0.17/turn               v - +6 ring of intelligence
MPRegen 0.12/turn               (no ring)

@: mighty
A: claws 2, slimy green scales 1
a: no special abilities


You were on level 5 of the Dungeon.
You visited 1 branch of the dungeon, and saw 6 of its levels.

You collected 318 gold pieces.

Inventory:

Hand Weapons
 c - a +0 short sword of venom (weapon)
Armour
 k - the +2 robe of Impressiveness (worn) {rPois Will+ Dex+2}
   (You found it on level 4 of the Dungeon)

   Dex:       It affects your dexterity (+2).
   rPois:     It protects you from poison.
   Will:      It increases your willpower.
 q - a +0 cloak (worn)
 r - a +0 buckler (worn)
 u - a +0 helmet (worn)
Jewellery
 v - a +6 ring of intelligence (left claw)
Wands
 j - a wand of roots (1)
Scrolls
 a - a scroll of vulnerability {unknown}
 d - 4 scrolls of identify
 g - a scroll of enchant armour
 h - 3 scrolls of enchant weapon
 o - a scroll of poison
 w - a scroll of amnesia {unknown}
Potions
 b - a potion of magic
 e - a potion of lignification {unknown}
 f - a potion of invisibility {unknown}
 l - a potion of might
 m - a potion of mutation {unknown}
 n - 4 potions of curing {unknown}
 p - a potion of flight {unknown}
 s - 2 potions of brilliance {unknown}
 t - a potion of ambrosia {unknown}


   Skills:
 - Level 3.5 Fighting
 - Level 4.1 Short Blades
 - Level 1.7 Dodging
 - Level 1.7 Stealth
 + Level 3.4 Shields
 + Level 0.0 Unarmed Combat
 - Level 2.0 Spellcasting
 - Level 4.7 Necromancy


You had 9 spell levels left.
You knew the following spells:

 Your Spells              Type           Power      Damage    Failure   Level
a - Necrotise             Necr           88%        1d8       2%          1

Your spell library contained the following spells:

 Spells                   Type           Power      Damage    Failure   Level
 Vampiric Draining        Necr           22%        2d7       8%          3
 Sting                    Tmut/Pois      8%         1d3       19%         1
 Poisonous Vapours        Pois/Air       4%         N/A       26%         2
 Animate Dead             Necr           22%        N/A       26%         4
 Ignite Poison            Fire/Tmut/Pois 2%         N/A       47%         3
 Mephitic Cloud           Conj/Pois/Air  2%         N/A       47%         3
 Agony                    Necr           22%        N/A       58%         5
 Olgreb's Toxic Radiance  Pois           2%         N/A       87%         4
 Freezing Cloud           Conj/Ice/Air   1%         6-21      99%         5
 Simulacrum               Ice/Necr       6%         N/A       100%        6
 Polar Vortex             Ice            1%         N/A       100%        9


Dungeon Overview and Level Annotations

Branches:
Dungeon (6/15)
 Temple: D:4-7

Altars:
Dithmenos
Fedhas
Hepliaklqana
Uskayaw
Wu Jian

Shops:
D:1 :

Annotations:
D:5 Grinder


Innate Abilities, Weirdness & Mutations

You have very sharp fingernails.
You are partially covered in slimy green scales. (AC +2)


Message History

Confirm with . or Enter, or press ? or * to list all spells.
Aiming: Necrotise (safe; 2% risk of failure)
Press: ? - help, Shift-Dir - straight line, f - orc
Aim: an orc, wielding a +0 flail and wearing a +0 leather armour (chance to affect: 91%)
The orc writhes in agony.
The orc priest calls upon Beogh to heal the orc.
The orc's wounds heal themselves!
The orc priest invokes the aid of Beogh against you.
Beogh smites you! Something hits you but does no damage.
Deactivating autopickup; reactivate with Ctrl-A.
Something hits you. Something hits you. Something hits you.
Something hits you but does no damage. Something hits you.
You block something's attack. Something hits you. Something hits you!
* * * LOW HITPOINT WARNING * * *
Something hits you but does no damage. Something hits you but does no damage.
Something hits you.
* * * LOW HITPOINT WARNING * * *
There is a stone staircase leading up here.
Something hits you.
* * * LOW HITPOINT WARNING * * *
Something hits you but does no damage.
You climb upwards.
Level annotation: Grinder Reactivating autopickup.
There is a stone staircase leading down here.
Something hits you but does no damage.
Deactivating autopickup; reactivate with Ctrl-A.
Something hits you.
* * * LOW HITPOINT WARNING * * *
There is a stone staircase leading down here.
It was a potion of might.
You feel very mighty all of a sudden. Something hits you.
* * * LOW HITPOINT WARNING * * *
You hit something. Something hits you but does no damage.
You hit something. You block something's attack. Something hits you.
You die...

###....## ##.## #..##... .......#
#..# .....# ......## #..# ##...#
####..# ##.## ##....### #####.#
#..# ###.......##### ..# ###
#..###.............. ..#
#...#.....#.....## ..#
#####........##....## ###
#...#.@......##.....# #
#.....{......###....## #
###..........###.....## ##
##..........##......# .##
##..........#........ ..#
##...................#
#.#.#...#.##...................##
###.......#..#.................#
#.......#.###................#


There were no monsters in sight!

Vanquished Creatures
  An ogre (D:5)
  2 scorpions (D:5)
  A jelly (D:5)
  2 hounds (D:4)
  An orc priest (D:5)
  Terence (D:3)
  3 gnolls (D:4)
  5 adders
  3 ufetubi
  4 worms
  A dart slug (D:1)
  5 orcs
  4 ball pythons
  6 bats
  4 endoplasms
  3 giant cockroaches
  8 hobgoblins
  4 jackals (D:1)
  2 quokkas
  2 frilled lizards
  5 goblins
  5 kobolds
  6 rats
78 creatures vanquished.

Vanquished Creatures (collateral kills)
  A gnoll (D:4)
  An endoplasm (D:3)
2 creatures vanquished.

Grand Total: 80 creatures vanquished

Notes
Turn   | Place    | Note
-------+----------+-------------------------------------------
     0 | D:1      | frimble the Demonspawn Necromancer began the quest for the
                  | Orb.
     0 | D:1      | Reached XP level 1. HP: 13/13 MP: 3/3
   294 | D:1      | Gained mutation: You are partially covered in slimy green
                  | scales. (AC +2) [demonic ancestry]
   294 | D:1      | Reached XP level 2. HP: 14/19 MP: 1/5
   316 | D:1      | Reached skill level 1 in Short Blades
   641 | D:1      | Found Vaogouba's Book Shoppe.
  1443 | D:2      | Reached XP level 3. HP: 21/24 MP: 1/6
  1947 | D:2      | Found a faded altar of an unknown god.
  1965 | D:2      | Reached XP level 4. HP: 30/30 MP: 7/7
  2595 | D:3      | Found a hide-covered altar of Uskayaw.
  2602 | D:3      | Found an ornate altar of the Wu Jian Council.
  2604 | D:3      | Found a blossoming altar of Fedhas.
  2604 | D:3      | Found a shadowy altar of Dithmenos.
  2611 | D:3      | Found a hazy altar of Hepliaklqana.
  3073 | D:3      | Noticed Terence
  3081 | D:3      | HP: 1/30 [constriction (5)]
  3085 | D:3      | Killed Terence
  3627 | D:3      | Identified the +2 mace of Radicalism {venom, *Noise Str+4
                  | Dex+4 SInv}
  4319 | D:4      | Gained mutation: You have sharp fingernails. [demonic
                  | ancestry]
  4319 | D:4      | Reached XP level 5. HP: 13/35 MP: 4/8
  4576 | D:4      | Reached skill level 1 in Shields
  4589 | D:4      | Identified the +2 robe of Impressiveness {rPois Will+
                  | Dex+2}
  4737 | D:4      | Reached skill level 1 in Fighting
  5080 | D:5      | Entered Level 5 of the Dungeon
  5091 | D:5      | Reached XP level 6. HP: 43/44 MP: 4/9
  5664 | D:5      | Gained mutation: You have very sharp fingernails. [demonic
                  | ancestry]
  5664 | D:5      | Reached XP level 7. HP: 39/52 MP: 5/10
  5763 | D:5      | Noticed Grinder
  5834 | D:5      | Slain by an unseen horror

Illustrated notes

Levels and vault maps discovered:
D:1:      dpeg_arrival_oval, layout_loops_ring, serial_shops,
          nicolae_square_shop, minmay_octomino_j4
D:2:      layout_loops_ring, hellmonk_ecumenical_altar_arch_garden
D:3:      layout_loops_corners, nzn_wu_jian_council_hall,
          grunt_temple_overflow_open, minivault_14, minmay_misc_feat_rugged,
          uniq_terence
D:4:      layout_cave_pools
D:5:      layout_layer_cave, temple_hall, uniq_grinder
D:6:      layout_rooms, evilmike_ruin_ashenzari, ebering_ghost_rock_garden,
          serial_demonic, serial_demonic_g, serial_demonic_a, serial_demonic_e,
          serial_demonic_f, uniq_blork_the_orc

Skill      XL: |  1  2  3  4  5  6 |
---------------+-------------------+-----
Short Blades   | 2 3 4 |  4.1
Shields        | 2 3 |  3.4
Fighting       | 2 3 |  3.5
Dodging        | |  1.7
Stealth        | |  1.7
Spellcasting   | |  2.0
Necromancy     | |  4.7

Action                   |  1- 3 |  4- 6 |  7- 9 || total
-------------------------+-------+-------+-------++-------
Melee: Short sword       |    79 |   157 |     4 ||   240
       Unarmed           |     4 |       |       ||     4
       Punch             |     1 |     1 |       ||     2
 Cast: Necrotise         |    34 |    57 |     1 ||    92
Evoke: Wand              |       |     1 |       ||     1
  Use: Scroll            |       |    11 |       ||    11
       Potion            |       |     2 |     1 ||     3
 Stab: Sleeping          |     1 |     7 |       ||     8
Armor: Robe              |    35 |    46 |     7 ||    88
Dodge: Dodged            |    60 |   117 |       ||   177
Block: Buckler           |       |       |     2 ||     2

Table legend: (Time is in decaauts)
 A = Elapsed time spent in this place.
 B = Non-inter-level travel time spent in this place.
 C = Inter-level travel time spent in this place.
 D = Time resting spent in this place.
 E = Time spent auto-exploring this place.
 F = Levels seen in this place.
 G = Mean time per level.
                   A        B        C        D        E       F      G
               +--------+--------+--------+--------+--------+-----+--------+
         Total |   5822 |   5700 |    122 |    286 |   4621 |   6 |  970.3 |
       Dungeon |   5822 |   5700 |    122 |    286 |   4621 |   6 |  970.3 |
               +--------+--------+--------+--------+--------+-----+--------+

Top non-repeatable levels by time:
     D:1: 1415 daAuts
     D:3: 1390 daAuts
     D:4: 1264 daAuts
     D:2: 1178 daAuts
     D:5: 538 daAuts
     D:6: 34 daAuts
